 Dungeon Crawl Stone Soup version 0.28-a0-1117-g0bdd5ba030 (webtiles) character file.

Game seed: 8276688399956982060

36 hazymike the Skirmisher (level 3, -2/40 HPs)
             Began as an Ogre Fighter on Dec 11, 2021.
             Slain by a worm (9 damage)
             ... on level 2 of the Dungeon.
             The game lasted 00:05:39 (1510 turns).

hazymike the Skirmisher (Ogre Fighter)              Turns: 1510, Time: 00:05:39

Health: -2/40      AC:  3    Str: 22    XL:     3   Next: 37%
Magic:  3/3        EV:  8    Int:  9    God:
Gold:   42         SH:  7    Dex:  8    Spells: 2/2 levels left

rFire   . . .      SeeInvis .   a - +0 flail
rCold   . . .      Faith    .   c - +0 kite shield
rNeg    . . .      Spirit   .   b - +0 robe
rPois   .          Reflect  .   (helmet restricted)
rElec   .          Harm     .   (no cloak)
rCorr   .          Rampage  .   (gloves unavailable)
Will    .....                   (boots unavailable)
Stlth   +.........              (no amulet)
HPRegen 0.13/turn               (no ring)
MPRegen 0.08/turn               (no ring)

@: no status effects
A: large, unfitting armour, tough skin 1
a: no special abilities


You were on level 2 of the Dungeon.
You visited 1 branch of the dungeon, and saw 2 of its levels.

You collected 42 gold pieces.

Inventory:

Hand Weapons
 a - a +0 flail (weapon)
Missiles
 e - 50 stones (quivered)
Armour
 b - a +0 robe (worn)
 c - a +0 kite shield (worn)
Scrolls
 h - a scroll of fear {unknown}
Potions
 d - a potion of might
 f - a potion of magic {unknown}
 g - a potion of brilliance {unknown}
 i - a potion of experience {unknown}
 j - a potion of mutation {unknown}


   Skills:
 + Level 4.6 Fighting
 * Level 2.9 Maces & Flails
 - Level 2.6 Dodging
 - Level 2.6 Shields


You had 2 spell levels left.
You didn't know any spells.
Your spell library was empty.

Dungeon Overview and Level Annotations

Branches:
Dungeon (2/15)

Altars:


Innate Abilities, Weirdness & Mutations

You are too large for most types of armour.
You have tough skin. (AC +1)


Message History

The jackal bites you but does no damage.
You block the jackal's attack.
You closely miss the jackal. The jackal bites you.
The jackal bites you but does no damage.
You closely miss the jackal.
The jackal bites you but does no damage.
The jackal closely misses you.
You hit the jackal.
The jackal is almost dead.
The jackal bites you. You block the jackal's attack.
You closely miss the jackal.
The jackal is almost dead.
The jackal closely misses you. The jackal bites you.
You closely miss the jackal.
The jackal is almost dead.
You block the jackal's attack. The jackal bites you.
You barely miss the jackal.
The jackal is almost dead.
The jackal closely misses you. x2
You barely miss the jackal.
The jackal is almost dead.
The jackal bites you but does no damage. x2
You hit the jackal.
You kill the jackal!
You hit the worm.
The worm is lightly wounded.
The worm bites you.
You sock the worm!
The worm is heavily wounded.
You barely miss the worm.
The worm is heavily wounded.
The worm bites you.
You barely miss the worm.
The worm is heavily wounded.
The worm bites you!
* * * LOW HITPOINT WARNING * * *
You barely miss the worm.
The worm is moderately wounded.
The worm bites you!
You die...

.. .. #....... .. ..#+
#...... # # ..
..(..#..... .##.# ..
...(.#....##....# ..
'#...(..........< ..
....(..(......... ####
.........<# ...#
#...##w### ##'## #.#
#@# ....# #.# #.# ....#
#.######.### ....#
#..........+ ...##
#.######.### ...#
#.#.......#### ...#
#..............
...######.#.##.#.######
.......)....##.#.#


You could see a worm.

Vanquished Creatures
  An adder skeleton (D:2)
  A dart slug (D:1)
  2 bats (D:1)
  2 endoplasms
  3 giant cockroaches
  4 goblins (D:1)
  2 hobgoblins (D:1)
  2 jackals (D:2)
  4 kobolds
  2 quokkas (D:1)
  A ball python (D:1)
  3 frilled lizards (D:1)
  A rat (D:1)
28 creatures vanquished.

Notes
Turn   | Place    | Note
-------+----------+-------------------------------------------
     0 | D:1      | hazymike the Ogre Fighter began the quest for the Orb.
     0 | D:1      | Reached XP level 1. HP: 24/24 MP: 1/1
   252 | D:1      | Reached XP level 2. HP: 22/32 MP: 2/2
   930 | D:1      | Reached XP level 3. HP: 8/40 MP: 3/3
  1510 | D:2      | Slain by a worm

Illustrated notes

Levels and vault maps discovered:
D:1:      lightli_molten_gateway, layout_loops_ring, serial_park_tiny_pond
D:2:      layout_basic, basic_altar, kennysheep_flooded_box,
          nicolae_figureground_pulse

Skill      XL: |  1 |
---------------+----+-----
Maces & Flails | 2 |  2.9
Fighting       | |  4.6
Dodging        | |  2.6
Shields        | |  2.6

Action                   || total
-------------------------++-------
Melee: Flail             ||   113
Throw: Stone             ||    30
Armor: Robe              ||    35
Dodge: Dodged            ||    35
Block: Kite shield       ||    36

Table legend: (Time is in decaauts)
 A = Elapsed time spent in this place.
 B = Non-inter-level travel time spent in this place.
 C = Inter-level travel time spent in this place.
 D = Time resting spent in this place.
 E = Time spent auto-exploring this place.
 F = Levels seen in this place.
 G = Mean time per level.
                   A        B        C        D        E       F      G
               +--------+--------+--------+--------+--------+-----+--------+
         Total |   1574 |   1556 |     18 |    524 |    729 |   2 |  787.0 |
       Dungeon |   1574 |   1556 |     18 |    524 |    729 |   2 |  787.0 |
               +--------+--------+--------+--------+--------+-----+--------+

Top non-repeatable levels by time:
     D:1: 1320 daAuts
     D:2: 254 daAuts
